 Dungeon Crawl Stone Soup version 0.29-a0-555-g3b24f45cc1 (webtiles) character file.

Game seed: 5890269176441169574

347 lunkers the Digger (level 6, 0/41 HPs)
             Began as a Formicid Earth Elementalist on June 7, 2022.
             Slain by a phantom (5 damage)
             ... on level 3 of the Dungeon.
             The game lasted 00:05:15 (4172 turns).

lunkers the Digger (Formicid Earth Elementalist)    Turns: 4172, Time: 00:05:16

Health: 0/41       AC:  6    Str: 13    XL:     6   Next: 91%
Magic:  0/12       EV: 12    Int: 16    God:
Gold:   248        SH:  0    Dex: 14    Spells: 7/13 levels left

rFire   . . .      SeeInvis +   s - +1 dagger (protect)
rCold   . . .      Faith    .   (no shield)
rNeg    . . .      Spirit   .   b - +0 robe
rPois   .          Reflect  .   (helmet unavailable)
rElec   .          Harm     .   (no cloak)
rCorr   .          Rampage  .   p - +2 pair of gloves {Dex+3}
Will    .....                   f - +0 pair of boots
Stlth   ++........              (no amulet)
HPRegen 0.13/turn               (no ring)
MPRegen 0.13/turn               (no ring)

@: studying Shields
A: permanent stasis, dig shafts and tunnels, antennae 3, four strong arms
a: Dig, Shaft Self


You were on level 3 of the Dungeon.
You visited 1 branch of the dungeon, and saw 4 of its levels.

You collected 248 gold pieces.

Inventory:

Hand Weapons
 s - a +1 dagger of protection (weapon)
Missiles
 a - 26 stones
Armour
 b - a +0 robe (worn)
 f - a +0 pair of boots (worn)
 p - a +2 pair of gloves of dexterity (worn)
Magical Staves
 k - a staff of fire
Scrolls
 n - a scroll of identify
 r - a scroll of blinking {unknown}
Potions
 c - a potion of magic
 d - a potion of brilliance {unknown}
 e - a potion of haste
 g - a potion of attraction {unknown}
 h - a potion of lignification
 i - a potion of mutation {unknown}
 j - a potion of flight {unknown}
 l - 3 potions of heal wounds
 m - a potion of might {unknown}
 o - a potion of degeneration {unknown}
 q - a potion of curing {unknown}


   Skills:
 - Level 1.7 Dodging
 - Level 2.4 Stealth
 + Level 4.0 Spellcasting
 * Level 2.0 Conjurations
 - Level 1.1 Transmutations
 * Level 7.0 Earth Magic


You had 7 spell levels left.
You knew the following spells:

 Your Spells              Type           Power      Damage    Failure   Level
a - Stone Arrow           Conj/Erth      34%        3d9       8%          3
b - Passwall              Tmut/Erth      13%        N/A       4%          2
c - Sandblast             Erth           50%        2d12      1%          1

Your spell library contained the following spells:

 Spells                   Type           Power      Damage    Failure   Level
 Petrify                  Tmut/Erth      16%        N/A       32%         4


Dungeon Overview and Level Annotations

Branches:
Dungeon (4/15)
 Temple: D:4-7

Altars:


Innate Abilities, Weirdness & Mutations

You cannot be hasted, slowed, berserked, paralysed or teleported.
You can dig through walls and to a lower floor.
You have a pair of large antennae on your head. (SInv)
Your four strong arms can wield two-handed weapons with a shield.


Message History

Unknown command.
Casting: Sandblast (safe; 1% risk of failure)
Confirm with . or Enter, or press ? or * to list all spells.
Aiming: Sandblast (safe; 1% risk of failure)
Press: ? - help, Shift-Dir - straight line, f/p - phantom
Aim: a phantom (lightly damaged, 73% to hit)
The blast of sand misses the phantom.
* * * LOW MAGIC WARNING * * *
The phantom hits you.
* * * LOW HITPOINT WARNING * * *
Casting: Sandblast (safe; 1% risk of failure)
Confirm with . or Enter, or press ? or * to list all spells.
Aiming: Sandblast (safe; 1% risk of failure)
Press: ? - help, Shift-Dir - straight line, f/p - phantom
Aim: a phantom (lightly damaged, 73% to hit)
The blast of sand hits the phantom!
The phantom is heavily damaged.
* * * LOW MAGIC WARNING * * *
The phantom hits you but does no damage.
Unknown command.
You aren't carrying any items that you can evoke.
Casting: Sandblast (safe; 1% risk of failure)
Confirm with . or Enter, or press ? or * to list all spells.
Aiming: Sandblast (safe; 1% risk of failure)
Press: ? - help, Shift-Dir - straight line, f/p - phantom
Aim: a phantom (heavily damaged, 73% to hit)
The blast of sand hits the phantom.
The phantom is severely damaged.
* * * LOW MAGIC WARNING * * *
The phantom hits you but does no damage.
Unknown command.
Casting: Sandblast (safe; 1% risk of failure)
Confirm with . or Enter, or press ? or * to list all spells.
Aiming: Sandblast (safe; 1% risk of failure)
Press: ? - help, Shift-Dir - straight line, f/p - phantom
Aim: a phantom (severely damaged, 73% to hit)
The blast of sand misses the phantom.
* * * LOW MAGIC WARNING * * *
The phantom hits you.
You die...

#####################
#####...@W........#......
#.....#####........>)....
#.###.......≈≈.......≈...
#####.##..≈P...≈.P≈≈.≈.≈.≈PP≈
#.....#...≈P≈≈≈≈P≈≈≈≈≈≈≈≈P≈≈≈
#.###...≈≈≈≈≈≈≈≈≈≈≈≈≈≈≈≈≈≈≈≈≈
#.##....≈≈≈≈≈≈≈≈≈≈≈≈P≈≈≈≈≈P≈≈
#.##.≈P≈≈P≈≈≈≈≈≈≈≈≈≈.≈.≈≈≈.≈≈
###.#..≈≈≈≈≈≈≈≈≈≈≈.≈.≈..)......


You could see a phantom.

Vanquished Creatures
  A scorpion (D:4)
  An orc priest (D:2)
  Terence (D:3)
  4 orc wizards
  4 adders
  A white imp (D:4)
  A dart slug (D:1)
  15 orcs
  12 bats
  6 endoplasms
  4 giant cockroaches (D:1)
  9 goblins
  4 hobgoblins
  3 kobolds
  A quokka (D:1)
  A ball python (D:2)
  9 rats
77 creatures vanquished.

Notes
Turn   | Place    | Note
-------+----------+-------------------------------------------
     0 | D:1      | lunkers the Formicid Earth Elementalist began the quest for
                  | the Orb.
     0 | D:1      | Reached XP level 1. HP: 13/13 MP: 3/3
   114 | D:1      | Reached skill level 4 in Earth Magic
   157 | D:1      | Reached XP level 2. HP: 19/19 MP: 1/5
   646 | D:1      | Reached XP level 3. HP: 24/24 MP: 3/6
  1003 | D:1      | Found a faded altar of an unknown god.
  1257 | D:2      | Learned a level 2 spell: Passwall
  1570 | D:2      | Reached skill level 5 in Earth Magic
  1702 | D:2      | Reached XP level 4. HP: 30/30 MP: 6/8
  2408 | D:2      | Reached XP level 5. HP: 29/35 MP: 2/9
  2656 | D:3      | Reached skill level 6 in Earth Magic
  2954 | D:3      | Learned a level 3 spell: Stone Arrow
  2954 | D:3      | Noticed Terence
  2958 | D:3      | Killed Terence
  3373 | D:4      | Reached skill level 1 in Conjurations
  3373 | D:4      | Reached XP level 6. HP: 41/41 MP: 8/11
  4157 | D:3      | Reached skill level 7 in Earth Magic
  4172 | D:3      | Slain by a phantom

Illustrated notes

Levels and vault maps discovered:
D:1:      dpeg_arrival_tiny_c, layout_basic,
          hellmonk_ecumenical_altar_arch_garden
D:2:      minmay_spotlight, layout_basic
D:3:      layout_loops_ring, st_stairs_3, chequers_big_river,
          hangedman_glass_teeth, uniq_terence
D:4:      layout_loops_cross, nicolae_overflow_hidden_temple,
          minmay_fountain_box

Skill      XL: |  1  2  3  4  5  6 |
---------------+-------------------+-----
Earth Magic    | 4 5 6 7 |  7.0
Spellcasting   | 3 4 |  4.0
Conjurations   | 1 2 |  2.0
Dodging        | |  1.7
Stealth        | |  2.4
Transmutations | |  1.1

Action                   |  1- 3 |  4- 6 || total
-------------------------+-------+-------++-------
Melee: Unarmed           |     1 |       ||     1
 Cast: Sandblast         |    48 |    63 ||   111
       Stone Arrow       |       |    18 ||    18
  Use: Scroll            |     2 |     4 ||     6
Armor: Robe              |     1 |    15 ||    16
Dodge: Dodged            |     8 |    29 ||    37

Table legend: (Time is in decaauts)
 A = Elapsed time spent in this place.
 B = Non-inter-level travel time spent in this place.
 C = Inter-level travel time spent in this place.
 D = Time resting spent in this place.
 E = Time spent auto-exploring this place.
 F = Levels seen in this place.
 G = Mean time per level.
                   A        B        C        D        E       F      G
               +--------+--------+--------+--------+--------+-----+--------+
         Total |   4181 |   4095 |     86 |    162 |   3420 |   4 | 1045.2 |
       Dungeon |   4181 |   4095 |     86 |    162 |   3420 |   4 | 1045.2 |
               +--------+--------+--------+--------+--------+-----+--------+

Top non-repeatable levels by time:
     D:1: 1248 daAuts
     D:2: 1176 daAuts
     D:3: 963 daAuts
     D:4: 793 daAuts
